 Dungeon Crawl Stone Soup version 0.21-a0-91-ga5031da (webtiles) character file.

3601 grindst0ne the Fighter (level 10, -3/109 HPs)
             Began as an Ogre Berserker on June 29, 2017.
             Was an Elder of Trog.
             Shot with an arrow by a centaur (6 damage)
             ... on level 7 of the Dungeon on June 30, 2017.
             The game lasted 00:17:04 (6873 turns).

grindst0ne the Fighter (Ogre Berserker)             Turns: 6873, Time: 00:17:05

Health: -3/109     AC:  6    Str: 23    XL:     10   Next: 10%
Magic:  12/12      EV: 12    Int:  8    God:    Trog [****..]
Gold:   470        SH:  0    Dex: 11    Spells: 9/9 levels left

rFire    . . .     SeeInvis .   H - +0 giant spiked club
rCold    + . .     Gourm    .   (shield currently unavailable)
rNeg     + . .     Faith    .   y - +2 robe {rN+}
rPois    .         Spirit   .   (helmet restricted)
rElec    .         Reflect  .   (no cloak)
rCorr    .         Harm     .   (gloves unavailable)
MR       +....                  (boots unavailable)
Stlth    +.........             e - amulet of regeneration (curse)
HPRegen  0.68/turn              m - ring of protection from cold
MPRegen  0.13/turn              I - +1 ring of protection

@: berserk cooldown, hasted and slowed
A: unfitting armour, tough skin 1
a: Berserk, Trog's Hand, Brothers in Arms, Burn Spellbooks, Renounce Religion


You were on level 7 of the Dungeon.
You worshipped Trog.
Trog was greatly pleased with you.
You were very hungry.

You visited 1 branch of the dungeon, and saw 7 of its levels.
You also visited: Sewer.

You collected 470 gold pieces.

Inventory:

Hand Weapons
 a - a +0 mace
 d - a +1 flail of venom
 g - a +0 long sword
 D - a +0 whip of freezing
 H - a +0 giant spiked club (weapon)
Armour
 b - a +0 animal skin
 h - a +0 robe
 y - a +2 robe of positive energy (worn)
Jewellery
 e - a cursed amulet of regeneration (around neck)
 m - a ring of protection from cold (left hand)
 I - a +1 ring of protection (right hand)
Wands
 o - a wand of polymorph (6/24)
 B - a wand of lightning (0/15)
Scrolls
 k - a scroll of blinking {unknown}
 p - a scroll of fog
 q - 3 scrolls of remove curse
 u - 2 scrolls of teleportation {unknown}
 x - a scroll of enchant weapon {unknown}
 z - a scroll of random uselessness {unknown}
 E - 2 scrolls of identify
 G - 4 scrolls of enchant armour {unknown}
Potions
 f - a potion of resistance
 l - a potion of cancellation
 n - a potion of might
 r - a potion of haste
 s - 3 potions of flight
 v - a potion of magic
 w - a potion of curing
Books
 C - a book of Callings

   Spells                             Type                      Level
   a - Summon Small Mammal            Summoning                    1
   b - Call Imp                       Summoning                    2
   c - Call Canine Familiar           Summoning                    3
   d - Summon Guardian Golem          Hexes/Summoning              3
   e - Summon Lightning Spire         Summoning/Air                4
   f - Summon Ice Beast               Ice/Summoning                4
   Trog disapproves of the use of such an item.
Comestibles
 c - 5 bread rations
 i - 3 royal jellies
 j - 2 meat rations
 F - 3 fruits
 J - 5 chunks of flesh


   Skills:
 + Level 9.6 Fighting
 * Level 9.2 Maces & Flails
 + Level 6.7 Dodging
 + Level 3.4 Evocations


You had 9 spell levels left.
You didn't know any spells.

Dungeon Overview and Level Annotations

Branches:
Dungeon (7/15)             Temple (0/1) D:6

Altars:
Ashenzari
Hepliaklqana
Kikubaaqudgha
Trog
Yredelemnul

Annotations:
D:1 exclusion: downstairs
D:2 Sigmund


Innate Abilities, Weirdness & Mutations

You are too large for most types of armour.
You have tough skin. (AC +1)


Message History

The centaur is almost dead.
The centaur closely misses you. The orc warrior barely misses you.
The centaur barely misses you. The centaur closely misses you.
The orc warrior hits you from afar with a halberd!!
* * * LOW HITPOINT WARNING * * *
You feel much better. The centaur hits you.
* * * LOW HITPOINT WARNING * * *
The centaur misses you.
The orc warrior hits you from afar with a halberd.
* * * LOW HITPOINT WARNING * * *
You feel yourself speed up. The centaur closely misses you.
The orc warrior barely misses you. The centaur closely misses you.
The sky beast flickers out of sight!
Deactivating autopickup; reactivate with Ctrl-A.
The centaur barely misses you.
The orc warrior hits you from afar with a halberd!!
* * * LOW HITPOINT WARNING * * *
The centaur wields an uncursed shortbow.
The centaur shoots an arrow.
The arrow hits you.
You die...

.# .######### .#
..aY..#..### .#
#...((.### .#
#.).)....### .####
#.....#....###....#
#.#..###o.....##..#
#.#.a#.c...###....#
#.#..@...###.).##.#
# #....###....).).#
#..###....#.#####
####......#.#
##...####.#.#
#.........#.#
##.......###.#
#..#####.###.# #.
##..#####.##..##


You could see an orc warrior, a centaur and a worker ant.

Vanquished Creatures
  Pikel (D:5)
  Grinder (D:4)
  Eustachio (D:4)
  Menkaure (D:7)
  Duvessa (D:5)
  Purgy (Sewer)
  2 orc warriors
  A phantom (D:7)
  A slave (D:5)
  2 ice beasts
  5 ogres
  A hornet zombie (D:7)
  A centaur (D:5)
  4 big kobolds (D:4)
  Blork the orc (D:5)
  2 bullfrogs (D:6)
  Dowan (D:5)
  A scorpion (D:6)
  4 wights (D:6)
  A crimson imp (D:7)
  A hound (D:7)
  2 jellies
  4 orc priests
  2 orc wizards
  An iguana (D:7)
  Jessica (D:3)
  Ijyb (D:5)
  Natasha (D:2)
  A worker ant (D:5)
  A hound zombie (D:5)
  3 gnolls (D:4)
  2 howler monkey skeletons
  6 adders
  4 shadow imps
  4 oozes
  An adder zombie (D:5)
  3 worms
  2 dart slugs
  7 leopard geckos
  18 orcs
  7 bats
  12 giant cockroaches
  8 goblins
  11 hobgoblins
  14 jackals
  43 kobolds
  5 quokkas
  2 ball pythons (Sewer)
  4 frilled lizards
  A quokka skeleton (D:7)
  10 rats
215 creatures vanquished.

Vanquished Creatures (others)
  2 slaves (D:5)
  A human (D:2)
  An orc wizard (D:4)
4 creatures vanquished.

Grand Total: 219 creatures vanquished

Notes
Turn   | Place    | Note
-------+----------+-------------------------------------------
     0 | D:1      | grindst0ne the Ogre Berserker began the quest for the Orb.
     0 | D:1      | Reached XP level 1. HP: 24/24 MP: 1/1
   117 | D:1      | Reached XP level 2. HP: 32/32 MP: 2/2
   309 | D:1      | Reached XP level 3. HP: 33/40 MP: 3/3
   614 | D:1      | Reached ** piety under Trog
   768 | D:2      | Noticed Sigmund
   896 | D:2      | Found a bloodstained altar of Trog.
   898 | D:2      | Found a shattered altar of Ashenzari.
   898 | D:2      | Found a basalt altar of Yredelemnul.
   903 | D:2      | Found a hazy altar of Hepliaklqana.
   963 | D:2      | Reached XP level 4. HP: 44/49 MP: 4/4
  1156 | D:2      | Found an ancient bone altar of Kikubaaqudgha.
  1169 | D:2      | Noticed a human
  1172 | D:2      | Killed a human
  1177 | D:2      | Noticed Natasha
  1182 | D:2      | Killed Natasha
  1600 | D:3      | Reached skill level 5 in Fighting
  1600 | D:3      | Reached XP level 5. HP: 27/57 MP: 5/5
  1903 | D:3      | Noticed Jessica
  1912 | D:3      | Killed Jessica
  2201 | D:3      | Reached *** piety under Trog
  2206 | D:3      | Reached XP level 6. HP: 59/66 MP: 6/6
  2812 | D:4      | Noticed Grinder
  2836 | D:4      | Killed Grinder
  2836 | D:4      | Reached skill level 5 in Maces & Flails
  2894 | D:4      | Noticed an orc warrior
  2907 | D:4      | HP: 3/100 [orc warrior/flail (18)]
  2915 | D:4      | HP: 2/67 [orc warrior/flail (5)]
  2917 | D:4      | Killed an orc warrior
  2917 | D:4      | Reached XP level 7. HP: 4/75 MP: 7/7
  3232 | D:4      | Noticed Eustachio
  3241 | D:4      | Killed Eustachio
  3466 | D:4      | Reached XP level 8. HP: 62/84 MP: 8/8
  3565 | D:4      | Reached skill level 5 in Dodging
  3836 | D:5      | Entered Level 5 of the Dungeon
  3898 | D:5      | Reached **** piety under Trog
  3902 | D:5      | Found a glowing drain.
  3921 | Sewer    | Entered a sewer
  3944 | Sewer    | Noticed Purgy
  3951 | Sewer    | Killed Purgy
  4128 | D:5      | Noticed Blork the orc
  4134 | D:5      | Killed Blork the orc
  4346 | D:5      | Noticed Ijyb
  4354 | D:5      | Killed Ijyb
  4418 | D:5      | Noticed Pikel
  4433 | D:5      | Killed Pikel
  4433 | D:5      | Reached skill level 1 in Evocations
  4433 | D:5      | Reached XP level 9. HP: 58/96 MP: 8/10
  4682 | D:5      | Noticed Duvessa
  4686 | D:5      | Noticed Dowan
  4708 | D:5      | Killed Duvessa
  4710 | D:5      | Killed Dowan
  6020 | D:6      | Found a staircase to the Ecumenical Temple.
  6322 | D:7      | Noticed Menkaure
  6331 | D:7      | Killed Menkaure
  6749 | D:7      | Reached XP level 10. HP: 107/107 MP: 12/12
  6849 | D:7      | Noticed a white ugly thing
  6859 | D:7      | HP: 4/163 [orc warrior/halberd (13)]
  6872 | D:7      | HP: 2/109 [orc warrior/halberd (24)]
  6873 | D:7      | Shot with an arrow by a centaur

Vault maps used:
D:1:      lightli_iron_boxes
D:2:      grunt_temple_overflow_open, tgw_kikubaaqudgha, uniq_natasha,
          uniq_sigmund
D:3:      uniq_jessica
D:4:      minmay_goblin_kobold_castle, glass_columns_c, guppyfry_early_orc_mine,
          uniq_grinder, uniq_eustachio
D:5:      gup_sewer_entry_pipe, first_bread, kennysheep_dice, uniq_pikel,
          uniq_ijyb, uniq_blork_the_orc, uniq_duvessa
D:6:      minmay_temple_entry_fiery, lemuel_flamethrower_1
D:7:      minmay_the_grid_four_pointed_star, basic_altar,
          minmay_misc_feat_enclosed, uniq_menkaure
Sewer:    sewer_co_purgy_island

Skill      XL: |  1  2  3  4  5  6  7  8  9 |
---------------+----------------------------+-----
Maces & Flails | 3 4 5 6 7 9 |  9.2
Dodging        | 3 4 5 6 |  6.7
Fighting       | 5 6 8 9 |  9.6
Evocations     | 1 3 |  3.4

Action                   |  1- 3 |  4- 6 |  7- 9 | 10-12 || total
-------------------------+-------+-------+-------+-------++-------
Melee: Mace              |    94 |    51 |       |       ||   145
       Flail             |       |    73 |   242 |       ||   315
       Giant spiked club |       |       |   156 |    36 ||   192
Invok: Berserk           |       |     2 |     2 |     2 ||     6
       Trog's Hand       |       |     1 |     5 |     1 ||     7
Evoke: Wand              |       |       |     2 |       ||     2
  Use: Scroll            |     2 |     3 |     8 |     1 ||    14
       Potion            |     1 |     3 |     1 |     3 ||     8
 Stab: Sleeping          |       |     1 |       |       ||     1
  Eat: Chunk             |       |     5 |    16 |     2 ||    23
       Bread ration      |       |     1 |       |       ||     1
Armor: Animal skin       |    29 |       |       |       ||    29
       Robe              |     5 |    22 |   155 |    13 ||   195
Dodge: Dodged            |    51 |    63 |   351 |    63 ||   528
